 Dungeon Crawl Stone Soup version 0.28-a0-1415-g7c84da036a (webtiles) character file.

Game seed: 15264047932245771718

14 Shayle the Ruffian (level 2, -1/29 HPs)
             Began as an Ogre Warper on Jan 7, 2022.
             Slain by a worm (6 damage)
             ... on level 2 of the Dungeon.
             The game lasted 00:01:36 (565 turns).

Shayle the Ruffian (Ogre Warper)                     Turns: 565, Time: 00:01:37

Health: -1/29      AC:  3    Str: 14    XL:     2   Next: 45%
Magic:  0/5        EV:  9    Int: 14    God:
Gold:   27         SH:  0    Dex:  8    Spells: 5/5 levels left

rFire   . . .      SeeInvis .     - Unarmed
rCold   . . .      Faith    .   (no shield)
rNeg    . . .      Spirit   +   a - +0 robe
rPois   .          Reflect  .   (helmet restricted)
rElec   .          Harm     .   (no cloak)
rCorr   .          Rampage  .   (gloves unavailable)
Will    .....                   (boots unavailable)
Stlth   +.........              f - amulet of guardian spirit
HPRegen 0.09/turn               (no ring)
MPRegen 0.09/turn               (no ring)

@: no status effects
A: large, unfitting armour, tough skin 1
a: no special abilities


You were on level 2 of the Dungeon.
You visited 1 branch of the dungeon, and saw 2 of its levels.

You collected 27 gold pieces.

Inventory:

Missiles
 c - 5 boomerangs of dispersal
 g - an atropa-tipped dart (quivered)
Armour
 a - a +0 robe (worn)
 d - a +0 cloak
Jewellery
 f - an amulet of guardian spirit (around neck)
Scrolls
 b - a scroll of blinking
 e - a scroll of identify {unknown}


   Skills:
 - Level 2.6 Fighting
 - Level 1.0 Throwing
 - Level 2.1 Dodging
 + Level 2.7 Unarmed Combat
 - Level 2.4 Spellcasting
 - Level 2.6 Translocations


You had 5 spell levels left.
You didn't know any spells.
Your spell library contained the following spells:

 Spells                   Type           Power      Damage    Failure   Level
 Blink                    Tloc           18%        N/A       12%         2
 Gell's Gravitas          Tloc           9%         N/A       22%         3
 Lesser Beckoning         Tloc           9%         N/A       22%         3
 Teleport Other           Tloc           9%         N/A       22%         3
 Manifold Assault         Tloc           9%         N/A       91%         5


Dungeon Overview and Level Annotations

Branches:
Dungeon (2/15)

Altars:


Innate Abilities, Weirdness & Mutations

You are too large for most types of armour.
You have tough skin. (AC +1)


Message History

You throw an atropa-tipped dart. The atropa-tipped dart hits the worm.
The worm appears confused.
The worm seems less confused.
The worm closely misses you.
You barely miss the worm. You barely miss the worm. The worm barely misses you.
You hit the worm.
The worm is lightly wounded.
The worm is no longer blind.
The worm barely misses you.
You hit the worm.
The worm is lightly wounded.
You barely miss the worm.
The worm is lightly wounded.
The worm bites you.
You hit the worm but do no damage. You hit the worm.
The worm is lightly wounded.
The worm bites you.
You hit the worm.
The worm is lightly wounded.
The worm completely misses you.
You barely miss the worm.
The worm is lightly wounded.
You hit the worm. You punch the worm.
The worm is heavily wounded.
The worm bites you!
You barely miss the worm.
The worm is heavily wounded.
You hit the worm but do no damage.
The worm is heavily wounded.
The worm bites you.
You hit the worm.
The worm is heavily wounded.
You barely miss the worm. You punch the worm.
The worm is severely wounded.
The worm bites you!
* * * LOW HITPOINT WARNING * * *
You barely miss the worm.
The worm is severely wounded.
The worm bites you!
You die...

## ########..
#......#.#
#....#.#.# #
#..#<#.####.#
#.#....@w......
#......#.#####.
#......#.#
#......#.#
#......#..
........###
.#.[....#
........#
###.....#


You could see a worm.

Vanquished Creatures
  A bat (D:1)
  2 endoplasms (D:1)
  A giant cockroach (D:1)
  2 goblins (D:1)
  3 hobgoblins (D:1)
  2 frilled lizards (D:1)
  A rat (D:1)
12 creatures vanquished.

Notes
Turn   | Place    | Note
-------+----------+-------------------------------------------
     0 | D:1      | Shayle the Ogre Warper began the quest for the Orb.
     0 | D:1      | Reached XP level 1. HP: 22/22 MP: 3/3
   253 | D:1      | Reached XP level 2. HP: 25/29 MP: 5/5
   527 | D:1      | Found a faded altar of an unknown god.
   565 | D:2      | Slain by a worm

Illustrated notes

Levels and vault maps discovered:
D:1:      sevenhm_arrival_forest_fort_small_5, layout_rooms, serial_curves,
          eino_curves_02, eino_curves_04, ebering_ecumenical_altar_rust,
          minmay_misc_feat_x, minivault_4
D:2:      minmay_evil_eye, layout_basic, nrook_uturn

Skill      XL: |  1 |
---------------+----+-----
Unarmed Combat | 2 |  2.7
Fighting       | |  2.6
Throwing       | |  1.0
Dodging        | |  2.1
Spellcasting   | |  2.4
Translocations | |  2.6

Action                   || total
-------------------------++-------
Melee: Unarmed           ||    59
       Punch             ||     4
Throw: Dart              ||     1
Armor: Robe              ||     7
Dodge: Dodged            ||    24

Table legend: (Time is in decaauts)
 A = Elapsed time spent in this place.
 B = Non-inter-level travel time spent in this place.
 C = Inter-level travel time spent in this place.
 D = Time resting spent in this place.
 E = Time spent auto-exploring this place.
 F = Levels seen in this place.
 G = Mean time per level.
                   A        B        C        D        E       F      G
               +--------+--------+--------+--------+--------+-----+--------+
         Total |    562 |    562 |      0 |    209 |    171 |   2 |  281.0 |
       Dungeon |    562 |    562 |      0 |    209 |    171 |   2 |  281.0 |
               +--------+--------+--------+--------+--------+-----+--------+

Top non-repeatable levels by time:
     D:1: 538 daAuts
     D:2: 24 daAuts
